 Dungeon Crawl Stone Soup version bcrawl-1.12-11-gb93c957c58 (console) character file.

Game seed: 4883531698888149386

41503 Lexodia the Dancer (level 13, -5/106 HPs)
             Began as a Demonspawn Archaeologist on July 4, 2019.
             Was an Elder of Uskayaw.
             Slain by a death yak (19 damage)
             ... on level 6 of the Lair of Beasts.
             The game lasted 00:38:09 (14896 turns).

Lexodia the Dancer (Demonspawn Archaeologist)      Turns: 14896, Time: 00:38:09

Health: -5/106     AC: 26    Str: 24    XL:     13   Next: 80%
Magic:  7/7        EV: 20    Int: 16    God:    Uskayaw [****..]
Gold:   1303       SH:  0    Dex: 17    Spells: 12/12 levels left

rFire    . . .     SeeInvis .   f - +8 Wrath of Trog {antimagic, *Rage}
rCold    + . .     Gourm    .   (shield currently unavailable)
rNeg     + . .     Faith    .   L - +0 acid dragon scales
rPois    +         Spirit   .   e - +2 helmet
rElec    +         Reflect  .   r - +2 cloak
rCorr    +         Harm     .   c - +2 pair of gloves of the Arcane {rN+}
MR       +....     Rnd*Rage +   (boots unavailable)
Stlth    +++.......             y - amulet of the acrobat
HPRegen  0.27/turn              A - +3 ring of slaying
MPRegen  0.10/turn              o - ring of Meqo Itu {rElec rC+ Str+6}

@: agile, sanguine armour, berserk cooldown, slowed, very slow
A: hooves 3, demonic guardian 1, magic resistance 1, poison resistance, powered
by pain 1, strong 1, sanguine armour 2
a: Stomp, Line Pass, Renounce Religion


You were on level 6 of the Lair of Beasts.
You worshipped Uskayaw.
Uskayaw was pleased with you.
You were hungry.

You visited 3 branches of the dungeon, and saw 17 of its levels.
You also visited: Sewer.

You collected 1303 gold pieces.

Inventory:

Hand Weapons
 f - the +8 Wrath of Trog (weapon) {antimagic, *Rage}

   It reduces the magical energy of the wielder, and disrupts the spells and
   magical abilities of those hit.
   Natural abilities and divine invocations are not affected.
   It may make you go berserk in combat.
 W - the +0 hand axe of Kagrism {drain, rPois rC+ Str+3}
   (You found it on level 3 of the Lair of Beasts)

   A truly terrible weapon, it drains the life of those it strikes.
   It affects your strength (+3).
   It protects you from cold.
   It protects you from poison.
Armour
 b - a +0 cloak of poison resistance
 c - the +2 pair of gloves of the Arcane (worn) {rN+}
   (You acquired it on level 3 of the Lair of Beasts)

   It protects you from negative energy.
 d - a +1 pair of gloves
 e - a +2 helmet (worn)
 r - a +2 cloak (worn)
 C - a +0 plate armour
 L - +0 acid dragon scales (worn)
 S - a +0 chain mail of positive energy
Jewellery
 o - the ring of Meqo Itu (right hand) {rElec rC+ Str+6}
   (You found it on level 1 of the Lair of Beasts)

   [ring of protection from cold]

   It affects your strength (+6).
   It protects you from cold.
   It insulates you from electricity.
 p - a +4 amulet of reflection
 s - an uncursed ring of protection from cold
 y - an amulet of the acrobat (around neck)
 A - a +3 ring of slaying (left hand)
 E - an uncursed ring of positive energy
 F - an uncursed ring of protection from fire
 H - an uncursed amulet of rage
 J - an uncursed ring of see invisible
 K - an uncursed ring of positive energy
 T - a +2 ring of evasion
Wands
 a - a wand of polymorph (18)
 I - a wand of disintegration (38)
 O - a wand of iceblast (12)
 P - a wand of flame (25)
 X - a wand of paralysis (8)
Scrolls
 k - 11 scrolls of remove curse
 l - 2 scrolls of fog
 n - 7 scrolls of teleportation
 q - a scroll of immolation
 t - 3 scrolls of enchant weapon
 x - 2 scrolls of blinking
 B - a scroll of noise
 G - 2 scrolls of amnesia
Potions
 h - 3 potions of agility
 i - 4 potions of might
 j - 5 potions of cancellation
 m - 4 potions of heal wounds
 u - a potion of degeneration {unknown}
 w - 2 potions of brilliance
 z - 3 potions of flight
 D - 3 potions of berserk rage
 M - 2 potions of mutation
 N - 2 potions of curing
 Q - a potion of haste
Comestibles
 g - 25 rations {!d}
 v - 3 chunks of flesh


   Skills:
 * Level 11.3 Fighting
 + Level 13.0 Axes
 - Level 5.3 Armour
 - Level 6.1 Dodging
 - Level 4.0 Stealth
 + Level 13.7 Invocations
 - Level 9.0 Evocations


You had 12 spell levels left.
You didn't know any spells.
Your spell library contained the following spells:

 Spells                   Type           Power        Failure   Level  Hunger
 Corona                   Hex            #......      30%         1    ##.....
 Infusion                 Chrm           #.......     30%         1    ##.....
 Pain                     Necr           #...         30%         1    ##.....
 Shock                    Conj/Air       #...         30%         1    ##.....
 Slow                     Hex            #.......     30%         1    ##.....
 Passwall                 Tmut/Erth      #.......     43%         2    ###....
 Shackle                  Hex            #.......     43%         2    ###....
 Song of Slaying          Chrm           #.......     43%         2    ###....
 Swiftness                Chrm/Air       #.......     43%         2    ###....
 Confuse                  Hex            #.......     67%         3    ####...
 Dazzling Spray           Conj/Hex       #.....       67%         3    ####...
 False Image              Hex/Summ       #.......     67%         3    ####...
 Inner Flame              Hex/Fire       N/A          67%         3    ####...
 Ozocubu's Armour         Chrm/Ice       #.......     67%         3    ####...
 Regeneration             Chrm/Necr      #.........   67%         3    ####...
 Spectral Weapon          Hex/Chrm       #.......     67%         3    ####...
 Static Discharge         Conj/Air       #.......     67%         3    ####...
 Vampiric Draining        Necr           #.........   67%         3    ####...
 Airstrike                Air            #.........   97%         4    #####..
 Cause Fear               Hex            #.........   97%         4    #####..
 Petrify                  Tmut/Erth      #.......     97%         4    #####..
 Yara's Violent Unravell  Hex/Tmut       #.........   97%         4    #####..
 Bolt of Draining         Conj/Necr      #.........   100%        5    ######.
 Lightning Bolt           Conj/Air       #.........   100%        5    ######.
 Metabolic Englaciation   Hex/Ice        #.........   100%        5    ######.
 Death Channel            Necr           #.........   100%        6    #######
 Spellforged Servitor     Conj/Summ      #.........   100%        7    #######
 Summon Hydra             Summ           #.........   100%        7    #######


Dungeon Overview and Level Annotations

Branches:
Dungeon (10/12)            Temple (1/1) D:5            Lair (6/6) D:7
 Shoals (0/3) Lair:3       Spider (0/3) Lair:2        Slime (0/5) Lair:5
    Orc (0/1) D:8

Altars:
Ashenzari
Cheibriados
Dithmenos
Elyvilon
Fedhas
Gozag
Hepliaklqana
Kikubaaqudgha
Lugonu
Makhleb
Nemelex Xobeh
Okawaru
Qazlal
Ru
Sif Muna
Trog
Uskayaw
Vehumet
Wu Jian
Xom
Yredelemnul
Zin
The Shining One

Shops:
D:8 [   D:9 %


Innate Abilities, Weirdness & Mutations

You have hooves in place of feet.
A weak demonic guardian rushes to your aid.
You sometimes gain a little power by taking damage.
When seriously injured, your bleeding wounds create thick armour. (AC +9)
You are resistant to hostile enchantments. (MR+)
Your system is resistant to poisons. (rPois)
Your muscles are strong. (Str +2)


Message History

The nine-headed hydra dies!
A hornet comes into view.
The death yak barely misses you.
You slash the death yak! You kick the death yak!
The death yak is moderately wounded.
You are feeling hungry.
The rime drake is no longer paralysed.
The dream sheep is no longer paralysed.
The death yak misses you.
Your iron imp closely misses the death yak.
The death yak barely misses you. The rime drake barely misses you.
The dream sheep bites your iron imp.
Uskayaw will force your foes to share their pain.
Uskayaw links your audience in an emotional bond!
You slice the death yak!!
You kill the rime drake!
You kill the dream sheep!
You kick the death yak, but do no damage.
The death yak is severely wounded.
Your iron imp hits the death yak but does no damage.
The death yak gores you!!
You die...

#### ..P# ##
##... ..#
###...#.#..
#.#........
#.5....#
#.Y...#
##.@#####
#.......#
#P..#...# ###
#...#..รท#####
#P##
##..###.#P..##
#...
#......#....##
#...
#............#
##..
##......#...##
#..
#....#.....P#
#..


You could see a death yak and a friendly iron imp.

Vanquished Creatures
  A dire elephant (Lair:6)
  A catoblepas (Lair:6)
  A hydra (Lair:6)
  A centaur warrior (D:9)
  3 two-headed ogres
  7 death yaks (Lair:6)
  The ghost of grocchini the Covert, a novice VSAc of Gozag (Lair:1)
  A lindwurm (Lair:6)
  Pikel (D:7)
  An ugly thing (D:9)
  A manticore (Lair:3)
  A moth of wrath (Lair:1)
  13 elephants (Lair:6)
  7 black mambas
  10 cane toads
  A torpor snail (Lair:4)
  4 rime drakes
  2 komodo dragons
  3 trolls
  3 polar bears
  A hornet (Lair:6)
  10 blink frogs (Lair:3)
  4 hippogriffs
  3 dream sheep (Lair:6)
  3 redbacks (Lair:2)
  2 wyverns
  28 yaks
  3 basilisks
  A wyvern (shapeshifter) (D:9)
  A hungry ghost (D:8)
  4 vampire mosquitoes (Lair:6)
  An acid dragon (Lair:6)
  2 insubstantial wisps (Lair:6)
  13 water moccasins
  7 porcupines
  A swamp drake (Lair:6)
  5 orc warriors
  5 sky beasts
  3 ice beasts
  A black bear (D:10)
  An ogre (D:6)
  2 phantoms
  A wolf (Lair:6)
  8 crocodiles
  9 bullfrogs
  A gnoll sergeant (D:9)
  A wyvern zombie (D:8)
  4 scorpions
  5 killer bees (D:10)
  5 howler monkeys
  4 wights (D:5)
  A centaur zombie (D:8)
  3 crimson imps
  A quasit (D:9)
  4 hounds
  6 jellies
  4 orc priests
  Ijyb (D:5)
  An iguana (D:7)
  6 orc wizards
  4 worker ants
  A hound zombie (D:6)
  A hound skeleton (D:8)
  A howler monkey zombie (D:6)
  Robin (D:4)
  A worker ant zombie (D:5)
  10 adders
  9 gnolls
  2 shadow imps (D:8)
  4 oozes
  3 adder skeletons
  3 worms
  7 dart slugs
  6 leopard geckos
  40 orcs
  10 bats
  6 giant cockroaches
  10 goblins
  15 hobgoblins
  16 jackals
  2 quokkas
  4 ball pythons
  9 frilled lizards
  7 kobolds
  5 rats
  A bush (Lair:1)
  5 fungi
  10 plants
422 creatures vanquished.

Vanquished Creatures (collateral kills)
  2 hydras
  A black mamba (Lair:6)
  A cane toad (Lair:1)
  An ogre (D:6)
  A bullfrog (Sewer)
  A hound (D:5)
  2 orc wizards
  An adder (D:4)
  An orc (D:4)
11 creatures vanquished.

Vanquished Creatures (others)
  A slave (D:7)
  A quokka (D:4)
  6 fungi
  11 plants
19 creatures vanquished.

Grand Total: 452 creatures vanquished

Notes
Turn   | Place    | Note
-------+----------+-------------------------------------------
     0 | D:1      | Lexodia the Demonspawn Archaeologist began the quest for
                  | the Orb.
     0 | D:1      | Reached XP level 1. HP: 15/15 MP: 1/1
   269 | D:1      | Gained mutation: When seriously injured, your bleeding
                  | wounds create armour. (AC +9) [demonic ancestry]
   269 | D:1      | Reached XP level 2. HP: 21/21 MP: 2/2
   877 | D:2      | Found a corrupted altar of Lugonu.
   894 | D:2      | Found a blossoming altar of Fedhas.
   938 | D:2      | Found a glowing golden altar of the Shining One.
  1251 | D:2      | Gained mutation: When seriously injured, your bleeding
                  | wounds create thick armour. (AC +9) [demonic ancestry]
  1251 | D:2      | Reached XP level 3. HP: 23/26 MP: 3/3
  1386 | D:2      | Reached skill level 1 in Axes
  2396 | D:3      | Gained mutation: Your muscles are strong. (Str +2) [potion
                  | of mutation]
  2396 | D:3      | Gained mutation: Your system is resistant to poisons.
                  | (rPois) [potion of mutation]
  2396 | D:3      | Gained mutation: You are resistant to hostile enchantments.
                  | (MR+) [potion of mutation]
  2555 | D:3      | Reached XP level 4. HP: 32/32 MP: 4/4
  3229 | D:4      | Reached skill level 5 in Axes
  3229 | D:4      | Gained mutation: A weak demonic guardian rushes to your
                  | aid. [demonic ancestry]
  3229 | D:4      | Reached XP level 5. HP: 30/37 MP: 5/5
  3506 | D:4      | Reached XP level 6. HP: 43/43 MP: 2/6
  3622 | D:4      | Found an iron altar of Okawaru.
  3652 | D:4      | Noticed Robin
  3664 | D:4      | Killed Robin
  4000 | D:4      | Found a white marble altar of Elyvilon.
  4459 | D:5      | Entered Level 5 of the Dungeon
  4467 | D:5      | Gained mutation: You sometimes gain a little power by
                  | taking damage. [demonic ancestry]
  4467 | D:5      | Reached XP level 7. HP: 48/48 MP: 2/7
  4674 | D:5      | Found a radiant altar of Vehumet.
  4831 | D:5      | Found a basalt altar of Yredelemnul.
  4988 | D:5      | Found a staircase to the Ecumenical Temple.
  5007 | Temple   | Entered the Ecumenical Temple
  5212 | D:5      | Noticed Ijyb
  5219 | D:5      | Killed Ijyb
  5219 | D:5      | Reached XP level 8. HP: 54/54 MP: 2/8
  5667 | D:6      | Found a glowing drain.
  5688 | Sewer    | Entered a sewer
  5882 | Sewer    | Reached skill level 10 in Axes
  6171 | D:6      | Found a hide-covered altar of Uskayaw.
  6174 | D:6      | Noticed a +0 dagger
  6174 | D:6      | Noticed a +0 dagger
  6190 | D:6      | Became a worshipper of Uskayaw the Reveler
  6487 | D:6      | Reached * piety under Uskayaw
  6488 | D:6      | Reached ** piety under Uskayaw
  6714 | D:7      | Reached skill level 1 in Invocations
  6720 | D:7      | Found a deep blue altar of Sif Muna.
  6821 | D:7      | Noticed a troll
  6826 | D:7      | Killed a troll
  6826 | D:7      | Reached skill level 1 in Armour
  6826 | D:7      | Gained mutation: You have large cloven feet. [demonic
                  | ancestry]
  6826 | D:7      | Reached XP level 9. HP: 61/61 MP: 3/11
  6857 | D:7      | Found an ornate altar of the Wu Jian Council.
  6927 | D:7      | Noticed Pikel
  6932 | D:7      | Killed Pikel
  6936 | D:7      | Reached *** piety under Uskayaw
  6947 | D:7      | Reached **** piety under Uskayaw
  6952 | D:7      | Reached ***** piety under Uskayaw
  6970 | D:7      | Reached skill level 5 in Invocations
  6976 | D:7      | Found a staircase to the Lair.
  7059 | D:7      | Found a bloodstained altar of Trog.
  7070 | D:7      | Found a glowing silver altar of Zin.
  7070 | D:7      | Noticed an angel
  7292 | D:7      | Noticed a seven-headed hydra
  7299 | D:7      | Noticed a two-headed ogre
  7300 | D:7      | Killed an 11-headed hydra
  7305 | D:7      | Killed a two-headed ogre
  7305 | D:7      | Reached XP level 10. HP: 13/71 MP: 5/15
  7608 | D:8      | Noticed a two-headed ogre
  7621 | D:8      | Killed a two-headed ogre
  7627 | D:8      | Reached skill level 5 in Dodging
  7627 | D:8      | Reached ****** piety under Uskayaw
  7705 | D:8      | Found Rekikhlu's Armour Shop.
  7705 | D:8      | Found a staircase to the Orcish Mines.
  8161 | D:9      | Noticed a centaur warrior
  8163 | D:9      | Reached skill level 5 in Fighting
  8171 | D:9      | Killed a centaur warrior
  8171 | D:9      | Gained mutation: You have hoof-like feet. [demonic
                  | ancestry]
  8171 | D:9      | Reached XP level 11. HP: 80/80 MP: 6/18
  8174 | D:9      | Noticed a two-headed ogre
  8183 | D:9      | Killed a two-headed ogre
  8183 | D:9      | Reached skill level 10 in Invocations
  8241 | D:9      | Found Moaraz's Food Emporium.
  8286 | D:9      | Noticed a brown ugly thing
  8297 | D:9      | Killed a brown ugly thing
  8887 | D:9      | Found a sacrificial altar of Ru.
  8930 | D:10     | Entered Level 10 of the Dungeon
  8930 | D:10     | Found a glowing silver altar of Zin.
  8937 | D:10     | Reached skill level 5 in Armour
  8982 | D:10     | Noticed a white ugly thing
  8986 | D:10     | HP: 3/81 [white ugly thing (33)]
  9280 | Lair:1   | Entered Level 1 of the Lair of Beasts
  9280 | Lair:1   | Found a transporter.
  9289 | Lair:1   | Noticed grocchini's ghost (novice VSAc)
  9732 | Lair:1   | Got a pitted spear
  9761 | Lair:1   | Reached skill level 1 in Evocations
  9762 | Lair:1   | Identified the +4 spear "Jaimomeb" {freeze, rN+} (You found
                  | it on level 1 of the Lair of Beasts)
  9984 | Lair:1   | Found a transporter.
 10015 | Lair:1   | Identified 3 scrolls of acquirement
 10199 | Lair:1   | Killed grocchini's ghost
 10201 | Lair:1   | Reached skill level 5 in Evocations
 10217 | Lair:1   | Got a fine platinum ring
 10258 | Lair:1   | Identified the ring of Meqo Itu {rElec rC+ Str+6} (You
                  | found it on level 1 of the Lair of Beasts)
 10654 | Lair:2   | Found a hole to the Spider Nest.
 10724 | Lair:2   | Got a crystal quarterstaff
 10756 | Lair:2   | Got an ichor-stained mace
 11432 | Lair:3   | Found a gate leading to a gauntlet.
 11438 | Lair:3   | Gained mutation: You have hooves in place of feet. [demonic
                  | ancestry]
 11438 | Lair:3   | Reached XP level 12. HP: 88/88 MP: 6/20
 11525 | Lair:3   | Found a staircase to the Shoals.
 11722 | Lair:3   | Got a warped hand axe
 11723 | Lair:3   | Identified the cursed +0 hand axe of Kagrism {drain, rPois
                  | rC+ Str+3} (You found it on level 3 of the Lair of Beasts)
 11820 | Lair:3   | Identified the +8 mace of the Last Spreadsheets {crush,
                  | -Tele +Rage MP+9 Dex+6} (You found it on level 2 of the
                  | Lair of Beasts)
 11958 | Lair:3   | Identified the Incunabulum of the Lethal Mountains
 12180 | Lair:3   | Got a pair of steaming gloves
 12191 | Lair:3   | Identified the +2 pair of gloves of the Arcane {rN+} (You
                  | acquired it on level 3 of the Lair of Beasts)
 12383 | Lair:4   | Identified the Compendium of the Captivating Escort
 13003 | Lair:5   | Found a staircase to the Slime Pits.
 13863 | Lair:6   | Entered Level 6 of the Lair of Beasts
 13957 | Lair:6   | Noticed a death yak
 13957 | Lair:6   | Noticed a death yak
 13957 | Lair:6   | Noticed a death yak
 13958 | Lair:6   | Noticed a death yak
 13958 | Lair:6   | Noticed a death yak
 13967 | Lair:6   | Killed a death yak
 13967 | Lair:6   | Killed a death yak
 13967 | Lair:6   | Killed a death yak
 13967 | Lair:6   | Reached XP level 13. HP: 101/101 MP: 7/22
 14185 | Lair:6   | Reached skill level 10 in Fighting
 14510 | Lair:6   | Noticed a dire elephant
 14521 | Lair:6   | Killed a dire elephant
 14896 | Lair:6   | Slain by a death yak

Skill      XL: |  1  2  3  4  5  6  7  8  9 10 11 12 13 |
---------------+----------------------------------------+-----
Dodging        | 3 4 5 6 |  6.1
Stealth        | 4 |  4.0
Axes           | 2 5 6 7 9 10 11 12 13 | 13.0
Invocations    | 2 7 9 11 12 13 | 13.7
Armour         | 1 3 4 5 |  5.3
Fighting       | 3 5 6 9 11 | 11.3
Evocations     | 7 9 |  9.0

Action                   |  1- 3 |  4- 6 |  7- 9 | 10-12 | 13-15 || total
-------------------------+-------+-------+-------+-------+-------++-------
Melee: Dagger            |   252 |       |       |       |       ||   252
       Unarmed           |     9 |       |       |       |       ||     9
       Mace              |       |   128 |       |     4 |       ||   132
       Battleaxe         |       |    49 |   188 |   341 |   108 ||   686
       Kick              |       |       |       |    50 |    43 ||    93
       Hand axe          |       |       |       |    31 |       ||    31
Throw: Throwing net      |       |       |       |       |     1 ||     1
Invok: Stomp             |       |       |       |     2 |     2 ||     4
Evoke: Wand              |       |       |     2 |    18 |       ||    20
  Use: Scroll            |     5 |       |       |    22 |       ||    27
       Potion            |     1 |     1 |       |     1 |       ||     3
 Stab: Sleeping          |     6 |       |       |       |       ||     6
       Paralysed         |       |       |     3 |    48 |    11 ||    62
       Invisible         |       |       |       |     3 |       ||     3
       Distracted        |       |       |       |     4 |     3 ||     7
       Held in net/web   |       |       |       |       |     1 ||     1
  Eat: Chunk             |     6 |     6 |    10 |    25 |     5 ||    52
Armor: Robe              |    19 |       |       |       |       ||    19
       Chain mail        |   116 |   128 |   123 |   173 |     2 ||   542
       Acid dragon scale |       |       |       |       |    95 ||    95
Dodge: Dodged            |   107 |    88 |   120 |   204 |   143 ||   662
